Map: Cañón atribulado

Players

LDarker - Winner!

  • Race: Zerg Zerg
  • Spawn Location: 12:00

Radge - Winner!

  • Race: Terran Terran
  • Spawn Location: 3:00

darknight - Winner!

  • Race: Terran Terran
  • Spawn Location: 12:00

MrFercho

  • Race: Zerg Zerg
  • Spawn Location: 6:00

tigro

  • Race: Terran Terran
  • League: Bronze
  • Spawn Location: 6:00

TATORREA

  • Race: Protoss Protoss
  • League: Silver
  • Spawn Location: 7:00

VOD

Have the link to the VOD?

Description

Time

  • Played on: June 10, 2020, 9:27 p.m.
  • Length: 11:37
Show
View Real Time Build Order
Export as new Build Order

LDarker Zerg - Winner!

Build Orders: Hatch First 

Get SALT Encoding   

  12  0:02  Drone  
  13  0:13  Overlord  
  13  0:19  Drone  
  14  0:32  Drone  
  14  0:33  Drone  
  16  0:36  Drone  
  17  0:55  Hatchery  
  16  1:00  Drone  
  16  1:01  Drone  
  18  1:17  Extractor  
  17  1:19  Spawning Pool  
  16  1:32  Drone  
  17  1:34  Drone x2  
  19  1:45  Drone  
  20  2:09  Spine Crawler  
  20  2:13  Zergling x4  
  20  2:15  Queen  
  21  2:16  Queen  
  25  2:26  Metabolic Boost  
  25  2:30  Zergling x2  
  25  2:31  Zergling x2  
  27  2:43  Zergling x2  
  28  3:15  Overlord  
  28  3:16  Overlord x2  
  28  3:45  Drone  
  28  3:46  Drone x3  
  32  4:01  Zergling x4  
  29  4:04  Zergling x2  
  29  4:05  Zergling x10  
  35  4:13  Extractor  
  34  4:37  Roach Warren  
  33  4:40  Drone  
  34  4:46  Drone x4  
  34  4:47  Drone  
  39  4:59  Drone  
  40  5:00  Overlord, Drone  
  40  5:01  Overlord  
  40  5:04  Drone x2  
  43  5:12  Lair  
  43  5:18  Evolution Chamber  
  43  5:20  Evolution Chamber  
  40  5:33  Roach x2  
  40  5:34  Roach x4  
  51  5:39  Roach x4  
  56  5:51  Roach  
  56  5:53  Zerg Missile Weapons Level 1  
  56  5:54  Zerg Ground Armor Level 1  
  58  6:11  Roach x4  
  59  6:58  Roach x3  
  59  6:59  Roach  
  59  7:00  Overlord x2  
  59  7:01  Overlord x2  
  67  7:21  Roach  
  67  7:22  Roach  
  71  7:23  Roach x2  
  71  7:26  Spore Crawler  
  74  7:38  Hatchery  
  74  7:41  Glial Reconstitution  
  73  7:46  Roach x4  
  73  7:48  Roach x2  
  85  7:51  Zerg Missile Weapons Level 2  
  57  8:44  Roach x2  
  57  8:45  Roach x3  
  57  8:46  Roach x3  
  57  8:47  Roach  
  69  9:57  Hydralisk Den  
  66  10:36  Roach  
  66  10:37  Roach x5  
  78  10:44  Hydralisk x3  
Show
View Real Time Build Order
Export as new Build Order

Radge Terran - Winner!

Build Orders:  

Get SALT Encoding   

  12  0:12  Supply Depot  
  12  0:25  SCV  
  13  0:37  SCV  
  13  0:42  Barracks  
  14  0:47  Refinery  
  14  0:49  SCV  
  15  1:01  SCV  
  16  1:13  SCV  
  17  1:25  SCV  
  18  1:28  Supply Depot  
  18  1:34  Marine  
  18  1:35  Barracks  
  19  1:52  Marine  
  20  2:04  Refinery  
  20  2:10  Marine  
  20  2:15  Engineering Bay  
  21  2:24  Supply Depot  
  21  2:26  Barracks Reactor  
  21  2:28  Marine  
  22  2:36  SCV  
  23  2:39  Factory  
  23  2:48  SCV  
  24  2:52  Marine  
  25  3:05  Marine x2  
  26  3:10  Marine  
  28  3:28  Terran Infantry Armor Level 1, Marine  
  29  3:35  Starport  
  29  3:49  Marine x2, Factory Tech Lab  
  29  3:50  Marine  
  32  4:07  Marine  
  33  4:18  Siege Tank  
  36  4:38  Barracks Tech Lab  
  36  4:42  Starport Reactor  
  36  4:51  Barracks, Infernal Pre-Igniter  
  36  5:06  Orbital Command  
  36  5:13  Marine x3  
  34  5:31  Marine x2  
  36  5:37  Siege Tank  
  39  6:37  Terran Infantry Weapons Level 1  
  38  6:47  Medivac  
  38  7:26  Marine  
  39  7:50  Supply Depot  
  39  8:00  Command Center  
  39  8:04  Marine  
  39  8:05  Marine  
  38  8:11  Marine x2  
  41  8:13  Supply Depot  
  41  8:22  Marine  
  41  8:23  Marine  
  43  8:29  Marine  
  44  8:37  Supply Depot  
  43  9:03  Stimpack  
  43  9:05  Medivac x2  
  47  9:15  SCV  
  48  9:27  SCV  
  48  9:29  Marine x2  
  48  9:30  Marine x2  
  53  9:35  Medivac x2  
  57  9:39  SCV  
  58  9:47  Marine  
  58  9:52  SCV  
  60  10:04  Medivac, SCV  
  60  10:05  Viking  
  65  10:14  SCV  
  65  10:19  SCV  
  67  10:26  SCV  
  68  10:31  SCV  
  69  10:38  SCV  
  70  10:43  SCV  
  71  10:51  SCV  
  71  10:55  SCV  
  71  10:56  Viking x2  
  77  11:03  SCV  
  78  11:15  SCV  
Show
View Real Time Build Order
Export as new Build Order

darknight Terran - Winner!

Build Orders:  

Get SALT Encoding   

  12  0:16  SCV  
  12  0:17  Supply Depot  
  13  0:27  Refinery  
  13  0:33  Refinery  
  13  0:37  SCV  
  15  0:50  SCV  
  15  1:02  SCV  
  16  1:31  Barracks  
  16  1:44  SCV  
  17  1:56  SCV  
  18  2:08  SCV  
  18  2:19  Marine  
  18  2:20  Barracks  
  18  2:21  SCV  
  20  2:33  SCV  
  20  2:35  Supply Depot  
  20  2:36  Marine  
  22  2:54  Marine  
  22  2:57  Supply Depot  
  23  3:10  Engineering Bay  
  23  3:11  Barracks Reactor  
  23  3:12  Marine  
  24  3:30  Marine  
  22  4:05  Marine  
  22  4:07  Marine  
  22  4:08  Marine  
  25  4:12  Terran Infantry Weapons Level 1  
  25  4:23  Marine  
  26  4:25  Marine x2  
  26  4:27  Factory  
  28  4:38  Supply Depot  
  28  4:43  Marine x2  
  28  4:45  Barracks Reactor  
  30  4:49  Barracks Reactor  
  30  5:01  Marine x2  
  32  5:18  Hellion  
  32  5:19  Marine x2  
  36  5:21  Command Center  
  34  6:07  Terran Infantry Armor Level 1  
  31  6:41  Marine x4  
  34  6:47  Factory Tech Lab  
  31  6:59  Marine x4  
  30  7:16  Marine x2  
  30  7:17  Marine x2  
  20  7:34  Marine x3  
  20  7:35  Marine  
  23  7:46  SCV  
  24  7:52  Marine x4  
  28  7:58  SCV  
  29  8:10  Marine, SCV  
  31  8:23  SCV  
  32  8:35  SCV  
  32  8:37  SCV  
  34  8:49  SCV  
  35  9:08  SCV  
  36  9:20  SCV  
  37  9:33  SCV  
  37  9:37  Starport  
  38  9:45  SCV  
  23  11:17  Marine x4  
Show
View Real Time Build Order
Export as new Build Order

MrFercho Zerg 

Build Orders: Hatch First 

Get SALT Encoding   

  12  0:01  Drone  
  13  0:13  Overlord  
  13  0:18  Drone  
  14  0:31  Drone x2  
  16  0:54  Hatchery  
  15  0:57  Drone  
  16  1:15  Spawning Pool  
  15  2:08  Extractor, Drone x4  
  18  2:24  Drone  
  18  2:25  Queen  
  18  2:28  Queen  
  23  2:31  Drone x2  
  23  2:32  Drone  
  26  2:50  Drone x2  
  28  2:52  Overlord  
  28  3:03  Roach Warren  
  27  3:11  Queen  
  29  3:14  Drone x4  
  29  3:15  Drone  
  34  3:24  Extractor  
  33  3:27  Evolution Chamber  
  33  3:30  Extractor  
  31  3:37  Spine Crawler  
  30  3:43  Roach  
  30  3:44  Roach x2  
  36  4:00  Overlord x3  
  36  4:01  Overlord  
  36  4:04  Zerg Missile Weapons Level 1  
  36  4:23  Roach  
  36  4:24  Roach x3  
  44  4:48  Lair  
  44  4:54  Drone  
  44  4:55  Drone x9  
  54  5:14  Drone  
  54  5:15  Drone x4  
  53  5:54  Roach  
  53  5:55  Roach x3  
  61  6:00  Drone x3  
  64  6:10  Hatchery  
  63  6:20  Ravager x4  
  67  6:29  Overlord x2  
  67  6:30  Overlord x3  
  62  7:21  Roach x5  
  62  7:22  Roach  
  74  7:33  Spire  
  73  7:45  Zerg Ground Armor Level 1  
  73  7:50  Evolution Chamber  
  72  8:09  Extractor, Hydralisk Den  
  72  8:10  Drone x6  
  49  8:51  Mutalisk x9  
  67  8:56  Drone  
  67  8:57  Drone x5  
  73  9:11  Mutalisk x2  
  77  9:46  Mutalisk x6  
  71  10:15  Mutalisk x4  
  67  10:30  Mutalisk x2  
  71  10:42  Mutalisk x8  
  87  10:53  Mutalisk x2  
Show
View Real Time Build Order
Export as new Build Order

tigro Terran 

Build Orders:  

Get SALT Encoding   

  12  0:04  SCV  
  13  0:16  SCV  
  14  0:25  Supply Depot  
  14  0:29  SCV  
  15  0:37  Refinery  
  15  0:46  SCV  
  16  0:57  Barracks  
  16  1:06  SCV  
  17  1:18  SCV  
  18  1:30  SCV  
  19  1:42  SCV  
  19  1:46  Refinery  
  20  1:49  Marine  
  21  1:54  SCV  
  22  2:07  Marine  
  23  2:13  Barracks  
  23  2:29  Supply Depot  
  23  2:50  Marine  
  23  2:51  SCV  
  25  3:03  SCV  
  25  3:05  Engineering Bay  
  26  3:07  Barracks Tech Lab  
  26  3:08  Marine  
  27  3:15  SCV  
  28  3:25  Factory  
  28  3:26  Marine  
  29  3:27  Combat Shield  
  29  3:32  Orbital Command  
  27  4:00  Marine  
  28  4:15  Factory Tech Lab  
  28  4:18  Marine  
  28  4:19  Barracks Tech Lab  
  29  4:36  Marine  
  30  4:39  Starport  
  30  4:53  Marine  
  31  5:06  Command Center  
  31  5:11  Marine  
  31  5:13  Stimpack  
  32  5:15  Concussive Shells  
  32  5:17  Starport  
  32  5:19  Terran Infantry Weapons Level 1  
  32  5:36  Medivac  
  32  5:40  Refinery  
  34  5:59  Starport Tech Lab  
  34  6:13  Fusion Core  
  26  7:13  Terran Infantry Armor Level 1  
  26  9:07  Neosteel Armor  
Show
View Real Time Build Order
Export as new Build Order

TATORREA Protoss 

Build Orders:  

Get SALT Encoding   

  12  0:03  Probe  
  13  0:17  Probe  
  14  0:25  Probe  
  14  0:26  Pylon  
  15  0:44  Probe  
  16  0:52  Gateway  
  16  0:54  Gateway  
  16  1:02  Probe  
  17  1:14  Probe  
  17  1:16  Assimilator  
  18  1:22  Pylon  
  18  1:26  Probe  
  19  1:38  Probe  
  19  1:39  Zealot  
  20  1:47  Zealot  
  24  1:56  Probe  
  25  2:15  Nexus  
  25  2:26  Probe, Cybernetics Core  
  26  2:32  Assimilator  
  26  2:37  Zealot  
  26  2:38  Zealot  
  26  2:40  Probe  
  31  2:48  Warp Gate  
  31  3:25  Pylon  
  31  3:26  Stalker, Probe  
  34  3:29  Stalker, Pylon  
  34  3:33  Pylon  
  36  3:38  Probe  
  37  4:01  Stalker x2  
  39  4:10  Probe x2  
  41  4:22  Probe x2  
  43  4:30  Twilight Council  
  43  4:32  Stargate  
  43  4:34  Probe x2, Stargate  
  45  4:41  Stalker  
  45  4:43  Stalker  
  49  5:01  Probe  
  49  5:02  Probe  
  51  5:10  Gateway  
  51  5:13  Gateway  
  51  5:15  Gateway  
  51  5:17  Probe x2  
  35  5:35  Stalker  
  35  5:36  Stalker  
  39  5:46  Oracle  
  42  5:52  Oracle  
  42  5:55  Probe x2  
  47  6:00  Assimilator  
  47  6:04  Assimilator  
  47  6:07  Probe x2  
  47  6:09  Nexus  
  49  6:16  Stalker  
  49  6:17  Stalker, Zealot  
  55  6:19  Zealot  
  55  6:20  Zealot  
  55  6:25  Probe x2  
  57  6:37  Probe x2  
  49  6:48  Zealot x4  
  49  6:49  Probe, Zealot  
  54  7:43  Stalker  
  54  7:44  Stalker x4  
  58  7:49  Probe  
  58  7:50  Probe x2  
  67  7:55  Void Ray x2  
  75  8:02  Probe x3  
  72  8:14  Probe x3  
  72  8:15  Stalker x3  
  72  8:16  Stalker x2  
  83  8:26  Probe x3  
  74  8:38  Probe x2  
  74  8:39  Void Ray  
  74  8:40  Nexus  
  76  8:44  Pylon  
  76  8:46  Assimilator  
  76  8:49  Pylon  
  76  8:50  Void Ray  
  76  8:51  Pylon  
  76  8:52  Assimilator  
  76  8:53  Pylon  
  72  8:56  Pylon  
  66  9:10  Zealot  
  66  9:11  Zealot x2  
  62  9:33  Void Ray  
  62  9:43  Pylon  
  62  9:47  Pylon  
  62  9:51  Pylon  
  62  9:55  Pylon  
  62  9:58  Pylon  
  58  10:08  Stalker x2  
  62  10:19  Void Ray x2  
Tags
 
Add a new tag
Caveats
  • Supply blocks, unpowered buildings, or Contaminate may cause inaccurate times.
  • Supply counts are checked every 10 seconds.